 Dungeon Crawl Stone Soup version 0.27-a0-836-gfc908b8576 (webtiles) character file.

Game seed: 8779521993149334136

317 Aviak the Ducker (level 6, -3/46 HPs)
             Began as a Djinni Venom Mage on Mar 31, 2021.
             Was an Initiate of Cheibriados.
             Slain by a phantom (7 damage)
             ... on level 5 of the Dungeon.
             The game lasted 00:08:02 (6674 turns).

Aviak the Ducker (Djinni Venom Mage)                Turns: 6674, Time: 00:08:03

Health: -3/46      AC:  3    Str:  8      XL:     6   Next: 44%
Gold:   166        EV: 13    Int: 19 (20) God:    Cheibriados [......] SH:  0 Dex: 14

rFire    + + +     SeeInvis .   l - +1 spear (vorpal)
rCold    . . .     Faith    .   (no shield)
rNeg     + . .     Spirit   .   f - +0 leather armour
rPois    ∞         Reflect  .   (no helmet)
rElec    +         Harm     .   (no cloak)
rCorr    +         Rampage  .   (no gloves)
Will     .....                  (boots unavailable)
Stlth    ++........             (no amulet)
HPRegen  0.15/turn              m - ring of resist corrosion
MPRegen  0.00/turn              i - ring of positive energy

@: resistant, flying, very slow
A: fire resistance 2, cold vulnerability 1, float, innate caster, hp casting,
extra vitality 1
a: Renounce Religion, Bend Time


You were on level 5 of the Dungeon.
You worshipped Cheibriados.
Cheibriados was noncommittal.
You visited 2 branches of the dungeon, and saw 6 of its levels.

You collected 166 gold pieces.

Inventory:

Hand Weapons
 b - a +0 dagger
 l - a +1 vorpal spear (weapon)
Armour
 a - a +0 robe
 f - a +0 leather armour (worn)
Jewellery
 i - a ring of positive energy (right hand)
 m - a ring of resist corrosion (left hand)
Wands
 o - a wand of digging (4)
Scrolls
 c - a scroll of vulnerability {unknown}
 e - 5 scrolls of identify {unknown}
 g - a scroll of enchant armour {unknown}
 k - 2 scrolls of teleportation {unknown}
 p - a scroll of fear {unknown}
Potions
 h - a potion of resistance
 j - a potion of brilliance
 n - a potion of mutation {unknown}


   Skills:
 + Level 3.2 Fighting
 + Level 4.5 Dodging
 - Level 1.5 Stealth
 + Level 4.0 Spellcasting
 + Level 0.6 Invocations


You couldn't memorise any spells.
You knew the following spells:

 Your Spells              Type           Power      Damage    Failure   Level
a - Sting                 Tmut/Pois      76%        1d6       3%          1
b - Poisonous Vapours     Pois/Air       38%        N/A       5%          2
c - Mephitic Cloud        Conj/Pois/Air  19%        N/A       11%         3
d - Ignite Poison         Fire/Tmut/Pois 19%        N/A       11%         3
e - Olgreb's Toxic Radia  Pois           19%        N/A       36%         4
f - Pain                  Necr           76%        1d7       3%          1
g - Ensorcelled Hibernat  Hex/Ice        38%        N/A       5%          2
Your spell library was empty.

Dungeon Overview and Level Annotations

Branches:
Dungeon (5/15)             Temple (1/1) D:4

Altars:
Ashenzari
Cheibriados
Dithmenos
Fedhas
Gozag
Hepliaklqana
Kikubaaqudgha
Makhleb
Nemelex Xobeh
Qazlal
Sif Muna
Trog
Vehumet
Yredelemnul
Zin

Shops:
D:3 (


Innate Abilities, Weirdness & Mutations

You are immune to poison.
Your flesh is very heat resistant. (rF++)
You are vulnerable to cold. (rC-)
You float through the air rather than walking.
You learn spells naturally, not from books.
Your magical power is your life essence.
You have superior vitality. (+4 HP)


Message History

The phantom is lightly damaged.
The phantom hits you.
You closely miss the phantom.
The phantom is lightly damaged.
The phantom barely misses you.
You completely miss the phantom.
The phantom is lightly damaged.
The phantom hits you! The phantom closely misses you.
You hit the phantom.
The phantom is moderately damaged.
The phantom hits you.
* * * LOW HITPOINT WARNING * * *
Unknown command.
The phantom hits you.
* * * LOW HITPOINT WARNING * * *
Unknown command.
It was a potion of resistance.
You feel protected. The phantom barely misses you.
It was a potion of curing.
You feel better. The phantom closely misses you.
You hit the phantom but do no damage.
The phantom is moderately damaged.
The phantom hits you.
* * * LOW HITPOINT WARNING * * *
Unknown command.
Your leather armour prevents you from hitting the phantom.
The phantom is moderately damaged.
The phantom hits you but does no damage.
You barely miss the phantom.
The phantom is moderately damaged.
The phantom hits you but does no damage.
You hit the phantom but do no damage.
The phantom is moderately damaged.
The phantom misses you.
You hit the phantom.
The phantom is moderately damaged.
The phantom hits you.
* * * LOW HITPOINT WARNING * * *
The phantom blinks!
You blink.
The phantom hits you!
You die...

........... #.......#.#
.###.........## #......
...#[.........####.....#
......<............#...#
......................
####...............$..##
....)......#............
####...@...#....#.......
......W.§...#.###.......
#####..<§...............
###.#..#...##.......
#...###........... #####
#.#.#.......
#...#.......
##..#....?.. #..#.......


You could see a phantom.

Vanquished Creatures
  A hound (D:4)
  3 iron imps (D:3)
  3 iguanas (D:4)
  A hound zombie (D:5)
  2 adders
  An ufetubus (D:4)
  A worm (D:3)
  2 dart slugs (D:1)
  7 orcs
  8 endoplasms
  4 giant cockroaches
  10 goblins
  9 hobgoblins
  8 ball pythons
  4 bats
  3 frilled lizards
  7 kobolds
  2 rats
76 creatures vanquished.

Notes
Turn   | Place    | Note
-------+----------+-------------------------------------------
     0 | D:1      | Aviak the Djinni Venom Mage began the quest for the Orb.
     0 | D:1      | Reached XP level 1. HP: 15/15 MP: 0/0
   307 | D:1      | Reached XP level 2. HP: 6/22 MP: 0/0
   600 | D:1      | Reached skill level 1 in Fighting
  1321 | D:1      | Reached XP level 3. HP: 26/27 MP: 0/0
  1321 | D:1      | Learned a level 1 spell: Pain
  3148 | D:3      | Reached XP level 4. HP: 23/33 MP: 0/0
  3511 | D:3      | Found Ceohan's Antique Weapon Shop.
  3617 | D:3      | Found a faded altar of an unknown god.
  3654 | D:3      | Found a burning altar of Makhleb.
  4032 | D:3      | Found a sparkling altar of Nemelex Xobeh.
  4224 | D:3      | Reached XP level 5. HP: 25/39 MP: 0/0
  4224 | D:3      | Learned a level 2 spell: Ensorcelled Hibernation
  4795 | D:3      | Found a blossoming altar of Fedhas.
  5111 | D:4      | Reached XP level 6. HP: 31/46 MP: 0/0
  5300 | D:4      | Found a staircase to the Ecumenical Temple.
  5316 | Temple   | Entered the Ecumenical Temple
  5638 | Temple   | Became a worshipper of Cheibriados the Contemplative
  5950 | D:4      | Noticed a torpor snail
  5951 | D:4      | Found a snail-covered altar of Cheibriados.
  5953 | D:4      | Noticed a torpor snail
  5953 | D:4      | Noticed a torpor snail
  6590 | D:5      | Entered Level 5 of the Dungeon
  6674 | D:5      | Slain by a phantom

Illustrated notes

Levels and vault maps discovered:
D:1:      kennysheep_arrival_seaside, layout_basic, kennysheep_small_spiral
D:2:      layout_loops_ring, chequers_serial_rivers_small_b
D:3:      layout_basic, overflow_temple_1_default, demons_altar,
          marbit_many_paths, chequers_ecumenical_altar_grove, serial_shops,
          nicolae_shop_trees, nemelex_dance_club_becter
D:4:      layout_layer_cave, minmay_temple_entry_water_ring,
          serial_bayou_ford_a, cheibriados_altar_2
D:5:      layout_rooms, nicolae_uskayaw_en_pointe,
          gammafunk_temple_overflow_wave, gammafunk_temple_overflow_forgotten,
          gup_sewer_entry_pipe
Temple:   minmay_temple_curvy_loop

Skill      XL: |  1  2  3  4  5  6 |
---------------+-------------------+-----
Fighting       | 1 2 3 |  3.2
Spellcasting   | 3 4 |  4.0
Dodging        | 3 4 |  4.5
Stealth        | |  1.5
Invocations    | |  0.6

Action                   |  1- 3 |  4- 6 || total
-------------------------+-------+-------++-------
Melee: Dagger            |    16 |       ||    16
       Spear             |    33 |   156 ||   189
 Cast: Sting             |    48 |    26 ||    74
       Poisonous Vapours |     5 |    24 ||    29
       Mephitic Cloud    |     1 |       ||     1
  Use: Potion            |       |     5 ||     5
 Stab: Sleeping          |     4 |     3 ||     7
       Confused          |     1 |       ||     1
Armor: Robe              |     1 |       ||     1
       Leather armour    |     4 |    20 ||    24
Dodge: Dodged            |    37 |    84 ||   121

Table legend: (Time is in decaauts)
 A = Elapsed time spent in this place.
 B = Non-inter-level travel time spent in this place.
 C = Inter-level travel time spent in this place.
 D = Time resting spent in this place.
 E = Time spent auto-exploring this place.
 F = Levels seen in this place.
 G = Mean time per level.
                   A        B        C        D        E       F      G
               +--------+--------+--------+--------+--------+-----+--------+
         Total |   6902 |   6701 |    201 |   1301 |   4674 |   6 | 1150.3 |
       Dungeon |   6550 |   6418 |    132 |   1301 |   4394 |   5 | 1310.0 |
        Temple |    351 |    282 |     69 |      0 |    280 |   1 |  351.0 |
               +--------+--------+--------+--------+--------+-----+--------+

Top non-repeatable levels by time:
     D:1: 2003 daAuts
     D:4: 1594 daAuts
     D:3: 1538 daAuts
     D:2: 1322 daAuts
  Temple: 351 daAuts
     D:5: 91 daAuts
